 Dungeon Crawl Stone Soup version 0.30-a0-782-ge64f9170bb (webtiles) character file.

Game seed: 10650789188049252698

2261641 mopl the Storm Dragon (level 27, 227/227 HPs)
             Began as a Pale Draconian Air Elementalist on Mar 15, 2023.
             Was the Champion of Vehumet.
             Escaped with the Orb
             ... and 4 runes!
             The game lasted 04:30:18 (76221 turns).

mopl the Storm Dragon (DrAE)                       Turns: 76221, Time: 04:30:19

Health: 227/227    AC: 26    Str: 13    XL:     27
Magic:  47/47      EV: 19    Int: 34    God:    Vehumet [******]
Gold:   8143       SH: 11    Dex: 14    Spells: 6/66 levels left

rFire   + + .      SeeInvis .    a - staff of air
rCold   + . .      Faith    .    o - +3 buckler {AC+3}
rNeg    + . .      Spirit   .    (body armour unavailable)
rPois   +          Reflect  .    K - +2 hat
rElec   +          Harm     .    W - +4 dragonskin cloak
rCorr   .          Rampage  .    g - +1 pair of gloves of Calculation {Fly Regen+ Dex+2 Stlth-}
Will    ++++.                    Y - +0 pair of boots "Fyshrob" {rElec rC++ Str+2 Stlth+}
Stlth   +                        V - amulet of the Greedy {rF+ Will+ Regen+}
HPRegen 2.17/turn                f - ring "Dioplesy" {rPois rF+ rC- Will+}
MPRegen 0.30/turn                e - ring "Efelac" {rN+ Int+3}

@: flying, hasted (expiring), very quick
A: breathe steam, AC +13, unfitting armour, cold-blooded, steam resistance,
stinger 1, clever 1, electricity resistance
0: Orb of Zot
}: 4/15 runes: decaying, serpentine, slimy, silver
a: Breathe Steam, Renounce Religion


You escaped.
You worshipped Vehumet.
Vehumet was exalted by your worship.
You visited 12 branches of the dungeon, and saw 56 of its levels.
You also visited: Gauntlet and Desolation.

You collected 10216 gold pieces.
You spent 2073 gold pieces at shops.

Inventory:

Hand Weapons
 b - a +9 trishula of holy wrath
 z - a +7 vampiric demon trident
 R - the +9 staff of Olgreb {rPois∞}
   (You found it on level 5 of the Vaults)

   It enhances your poison magic.
   It grants immunity to poison.
   It can be activated via the 'a'bility menu to radiate toxic energy, with
   effectiveness depending on Evocations skill.
Missiles
 G - 6 boomerangs of dispersal
 H - 7 throwing nets
 N - 5 curare-tipped darts
Armour
 g - the +1 pair of gloves of Calculation (worn) {Fly Regen+ Dex+2 Stlth-}
   (You acquired it on level 11 of the Dungeon)

   Dex:       It affects your dexterity (+2).
   Fly:       It grants you flight.
   Regen:     It increases your rate of health regeneration.
   Stlth:     It makes you less stealthy.
 o - a +3 buckler of protection (worn)
 K - a +2 hat (worn)
 Q - a +2 cloak of preservation
 W - the +4 dragonskin cloak (worn)
   (You took it off Tiamat on level 1 of the Realm of Zot)

   Avatar's Aegis: It grants the wearer a chance to resist fire, cold, poison,
   electricity, acid, and negative energy.
 Y - the +0 pair of boots "Fyshrob" (worn) {rElec rC++ Str+2 Stlth+}
   (You found it in the Desolation of Salt)

   Str:       It affects your strength (+2).
   rC:        It greatly protects you from cold.
   rElec:     It insulates you from electricity.
   Stlth:     It makes you more stealthy.
Magical Staves
 a - a staff of air (weapon)
Jewellery
 e - the ring "Efelac" (right hand) {rN+ Int+3}
   (You took it off an ancient champion on level 3 of the Crypt)

   [ring of positive energy]

   Int:       It affects your intelligence (+3).
   rN:        It protects you from negative energy.
 f - the ring "Dioplesy" (left hand) {rPois rF+ rC- Will+}
   (You found it in the Desolation of Salt)

   [ring of willpower]

   rF:        It protects you from fire.
   rC:        It makes you vulnerable to cold.
   rPois:     It protects you from poison.
   Will:      It increases your willpower.
 r - the ring of Gephiash {rElec rC+ Dex+3 SInv}
   (You found it on level 2 of the Crypt)

   [ring of see invisible]

   Dex:       It affects your dexterity (+3).
   rC:        It protects you from cold.
   rElec:     It insulates you from electricity.
   SInv:      It lets you see invisible.
 C - the ring of Pidghaol {rF+ Int+6}
   (You took it off a hell knight on level 2 of the Depths)

   [ring of intelligence]

   Int:       It affects your intelligence (+6).
   rF:        It protects you from fire.
 V - the amulet of the Greedy (around neck) {rF+ Will+ Regen+}
   (You took it off a servant of whispers in the Desolation of Salt)

   [amulet of regeneration]

   rF:        It protects you from fire.
   Regen:     It increases your rate of health regeneration.
   Will:      It increases your willpower.
Wands
 h - a wand of polymorph (17)
 l - a wand of mindburst (53)
 v - a wand of light (21)
 x - a wand of digging (21)
 E - a wand of charming (65)
 I - a wand of iceblast (32)
Scrolls
 d - 15 scrolls of vulnerability
 w - 33 scrolls of teleportation
 y - 8 scrolls of fog
 A - 15 scrolls of blinking
 F - 14 scrolls of immolation
 J - 13 scrolls of fear
 M - 5 scrolls of butterflies
 O - 5 scrolls of silence {!r}
 S - 13 scrolls of magic mapping
Potions
 c - 6 potions of haste
 i - 14 potions of heal wounds
 j - a potion of mutation {!q}
 k - 4 potions of berserk rage {!q}
 m - 4 potions of ambrosia
 q - 5 potions of cancellation
 t - 34 potions of curing
 B - 10 potions of brilliance
 L - 6 potions of magic
 P - 3 potions of resistance
 T - 8 potions of invisibility
 U - 8 potions of might
Miscellaneous
 n - the horn of Geryon
 p - a box of beasts
 s - a condenser vane
 u - a tin of tremorstones (2/2)
 D - a phantom mirror
 X - a phial of floods
 Z - a lightning rod (4/4)


   Skills:
 - Level 15.0 Fighting
 - Level 3.9(8.6) Polearms
 - Level 12.0(12.2) Staves
 - Level 15.0 Dodging
 - Level 1.7 Stealth
 - Level 15.0 Shields
 - Level 20.0 Spellcasting
 - Level 19.0 Conjurations
 - Level 5.0 Hexes
 - Level 10.0 Necromancy
 - Level 10.0 Translocations
 - Level 10.0 Transmutations
 + Level 14.8 Ice Magic
 O Level 27 Air Magic
 - Level 16.0 Evocations


You had 6 spell levels left.
You knew the following spells:

 Your Spells              Type           Power      Damage    Failure   Level
a - Chain Lightning       Conj/Air       68%        3d91      2%          9
b - Orb of Destruction    Conj           52%        9d13      1%          7
d - Conjure Ball Lightni  Conj/Air       68%        3x3d25    0%          6
e - Blink                 Tloc           100%       N/A       1%          2
f - Airstrike             Air            72%        2d(11-27) 0%          4
i - Irradiate             Conj/Tmut      46%        3d27      1%          5
m - Maxwell's Capacitive  Air            72%        ∞         1%          8
n - Swiftness             Air            100%       N/A       0%          3
p - Passage of Golubria   Tloc           80%        N/A       1%          4
w - Sublimation of Blood  Necr           80%        N/A       1%          2
y - Yara's Violent Unrav  Hex/Tmut       35%        3d14      1%          5
C - Freezing Cloud        Conj/Ice/Air   65%        6-21      0%          5

Your spell library contained the following spells:

 Spells                   Type           Power      Damage    Failure   Level
 Foxfire                  Conj/Fire      100%       2x1d9     0%          1
 Kiss of Death            Conj/Necr      100%       2d13      0%          1
 Magic Dart               Conj           100%       1d8       0%          1
 Shock                    Conj/Air       100%       1d9       0%          1
 Cigotuvi's Dreadful Rot  Necr/Pois/Air  100%       N/A       0%          2
 Momentum Strike          Conj/Tloc      100%       3d10      0%          2
 Poisonous Vapours        Pois/Air       100%       N/A       0%          2
 Static Discharge         Conj/Air       100%       2-7/arc   0%          2
 Frozen Ramparts          Ice            100%       1d16      0%          3
 Kindle Blastsparks       Fire/Tloc/Air  100%       2d18      0%          3
 Mephitic Cloud           Conj/Pois/Air  100%       N/A       0%          3
 Ozocubu's Armour         Ice            94%        N/A       0%          3
 Necrotise                Necr           100%       1d9       1%          1
 Sandblast                Erth           68%        2d15      1%          1
 Sting                    Tmut/Pois      100%       1d8       1%          1
 Summon Small Mammal      Summ           100%       N/A       1%          1
 Call Imp                 Summ           34%        N/A       1%          2
 Ensorcelled Hibernation  Hex/Ice        100%       N/A       1%          2
 Lesser Beckoning         Tloc           100%       N/A       1%          2
 Passwall                 Tmut/Erth      50%        N/A       1%          2
 Scorch                   Fire           68%        2d8       1%          2
 Confusing Touch          Hex            61%        N/A       1%          3
 Gell's Gravitas          Tloc           80%        N/A       1%          3
 Ignite Poison            Fire/Tmut/Pois 54%        N/A       1%          3
 Inner Flame              Hex/Fire       50%        N/A       1%          3
 Spider Form              Tmut/Pois      61%        N/A       1%          3
 Stone Arrow              Conj/Erth      100%       3d13      1%          3
 Summon Guardian Golem    Hex/Summ       50%        N/A       1%          3
 Teleport Other           Tloc           80%        N/A       1%          3
 Tukima's Dance           Hex            61%        N/A       1%          3
 Vampiric Draining        Necr           80%        2d11      1%          3
 Anguish                  Hex/Necr       35%        N/A       1%          4
 Animate Dead             Necr           80%        N/A       1%          4
 Cause Fear               Hex            30%        N/A       1%          4
 Dispel Undead            Necr           80%        3d26      1%          4
 Fulminant Prism          Conj/Hex       43%        3d19      1%          4
 Ice Form                 Ice/Tmut       87%        N/A       1%          4
 Iskenderun's Mystic Bla  Conj/Tloc      93%        2d18      1%          4
 Manifold Assault         Tloc           80%        N/A       1%          4
 Petrify                  Tmut/Erth      61%        N/A       1%          4
 Sticky Flame             Conj/Fire      78%        2d9       1%          4
 Summon Ice Beast         Ice/Summ       71%        N/A       1%          4
 Summon Lightning Spire   Summ/Air       100%       N/A       1%          4
 Agony                    Necr           80%        N/A       1%          5
 Blade Hands              Tmut           40%        N/A       1%          5
 Metabolic Englaciation   Hex/Ice        39%        N/A       1%          5
 Silence                  Hex/Air        60%        N/A       1%          5
 Iron Shot                Conj/Erth      39%        9d8       1%          6
 Simulacrum               Ice/Necr       43%        N/A       1%          6
 Death Channel            Necr           40%        N/A       2%          6
 Dispersal                Tloc           40%        N/A       2%          6
 Call Canine Familiar     Summ           34%        N/A       3%          3
 Leda's Liquefaction      Hex/Erth       25%        N/A       3%          4
 Olgreb's Toxic Radiance  Pois           34%        N/A       3%          4
 Borgnjor's Vile Clutch   Necr/Erth      30%        N/A       3%          5
 Lee's Rapid Deconstruct  Erth           17%        3d10*     9%          5
 Summon Mana Viper        Hex/Summ       50%        N/A       11%         5
 Statue Form              Tmut/Erth      40%        N/A       22%         6
 Ozocubu's Refrigeration  Ice            47%        4d17      1%          7
 Spellforged Servitor     Conj/Summ      39%        N/A       5%          7
 Lehudib's Crystal Spear  Conj/Erth      39%        10d10     34%         8
 Polar Vortex             Ice            47%        N/A       52%         9
 Enfeeble                 Hex            30%        N/A       75%         7
 Haunt                    Necr/Summ      30%        N/A       75%         7
 Malign Gateway           Summ/Tloc      30%        N/A       75%         7
 Borgnjor's Revivificati  Necr           40%        N/A       75%         8
 Disjunction              Tloc           40%        N/A       75%         8
 Infestation              Necr           40%        N/A       75%         8
 Fire Storm               Conj/Fire      39%        8d10      99%         9
 Monstrous Menagerie      Summ           17%        N/A       100%        7
 Discord                  Hex            30%        N/A       100%        8
 Ignition                 Fire           17%        3d7       100%        8
 Summon Horrible Things   Summ           17%        N/A       100%        8
 Animate Armour           Summ/Erth      Unusable   N/A       N/A         4

Dungeon Overview and Level Annotations

Branches:
Dungeon (15/15)            Temple (0/1) D:6            Lair (5/5) D:8
  Swamp (4/4) Lair:2        Snake (4/4) Lair:3        Slime (5/5) Lair:5
    Orc (2/2) D:9             Elf (3/3) Orc:2        Vaults (5/5) D:13
  Crypt (3/3) Vaults:3       Tomb (0/3) Crypt:3      Depths (4/4) D:15
   Hell (visited)             Dis (0/7) Hell            Geh (0/7) Hell
    Coc (0/7) Hell            Tar (0/7) Hell            Zot (5/5) Depths:4
Desolation (visited)      Gauntlet (visited)

Altars:
Ashenzari
Cheibriados
Fedhas
Gozag
Hepliaklqana
Kikubaaqudgha
Makhleb
Nemelex Xobeh
Qazlal
Ru
Trog
Uskayaw
Vehumet
Wu Jian
Yredelemnul
Zin
The Shining One
Jiyva
Lugonu

Shops:
D:3 *::*=   D:14 !   Orc:2 *(=[[*   Elf:3 *   Vaults:2 *   Vaults:4 *
Depths:2 [

Portals:
Hell: Depths:1 Depths:2 Depths:3 Depths:4
Abyss: Depths:1 Depths:3
Pandemonium: Depths:2
Ziggurat: Depths:3

Annotations:
Crypt:1 3 runed translucent doors, Nuh Ema's ghost, veteran HuVM
Depths:1 1 runed translucent door, Puodgh's ghost, adept MfGl


Innate Abilities, Weirdness & Mutations

You can breathe blasts of scalding, opaque steam.
Your pale cyan-grey scales are hard. (AC +13)
You cannot fit into any form of body armour.
You are cold-blooded and may be slowed by cold attacks.
You are immune to the effects of steam.
Your tail ends in a venomous barb.
Your mind is acute. (Int +4, Str/Dex -1)
You are resistant to electric shocks. (rElec)


Message History

The Brimstone Fiend moves out of view.
You reach down and close the door.
You feel yourself speed up.
(D) Dungeon (T) Temple (L) Lair (S) Swamp (P) Snake Pit (M) Slime Pits (O) Orcish Mines (E) Elven Halls (V) Vaults (C) Crypt (W) Tomb (U) Depths (H) Hell (I) Dis (G) Gehenna (X) Cocytus (Y) Tartarus (Z) Zot
Where to? (Enter - D:1 @ (x,y), ? - help)
There is an open door here.
Your extra speed is starting to run out.
There is a staircase leading out of the dungeon here.
Okay, then.
Unknown command.
Really quaff
j - 5 potions of mutation {!q}?
Really quaff the potion of mutation?
You feel extremely strange.
You no longer feel a malignance within.
Your rate of healing slows.
You occasionally lose the ability to read scrolls when taking damage.
Really quaff
j - 4 potions of mutation {!q}?
Really quaff the potion of mutation?
You feel extremely strange.
You no longer become unable to read scrolls after taking damage.
You feel weaker.
You feel a hidden malignance growing inside you.
Your bones become slightly less dense.
Really quaff
j - 3 potions of mutation {!q}?
Really quaff the potion of mutation?
You feel extremely strange.
You no longer feel a malignance within.
Your skeletal structure returns to normal.
You feel stronger.
Really quaff
j - 2 potions of mutation {!q}?
Really quaff the potion of mutation?
You feel extremely strange.
A venomous barb forms on the end of your tail.
You feel insulated.
You feel clever.
Unknown command.
Unknown command.
You have escaped!

#.........'.........†.......
#.##....###.........####....
#.##..#.# ##.......## ##..#
#.#..##.# #......## ##.#
#.#.###.# ##.#...## #..
#.#.# #.# #..##'## ###
#.#.#######+####.##### #
#......#≈≈≈≈≈≈≈#.....# #
###.####≈#~@~#~#.###.# # #.#
#~#~###~#..##.####### #.#
#~~~~~~###...........
##.##########~#..##.#######
#...#.'..#~~~##.....#
#.#...#.##~##~#.#####
#...###....##.### #####
#######'## #..#


There were no monsters in sight!

Vanquished Creatures
  the Royal Jelly (Slime:5)
  Dissolution (Slime:5)
  3 ancient liches
  3 orbs of fire
  8 dread liches (Zot:5)
  Tiamat (Zot:1)
  Mara (D:15)
  Mennas (Vaults:4)
  Sojobo (Vaults:5)
  4 Killer Klowns
  2 curse toes
  Bai Suzhen (Depths:2)
  A caustic shrike (Depths:3)
  Xtahua (Crypt:2)
  Nikola (Snake:4)
  10 golden dragons
  Geryon (Hell)
  Jory (Vaults:5)
  The ghost of Lyuseeti the Earth Mage, an adept GrEE of Vehumet (Elf:2)
  A profane servitor (Crypt:3)
  3 doom hounds (Depths:2)
  4 electric golems
  A Tzitzimitl (Depths:2)
  A hellephant (Hell)
  7 liches
  A shard shrike skeleton (Crypt:3)
  26 Orb Guardians (Zot:5)
  2 Hell Sentinels
  Grunn (Depths:2)
  18 tentacled monstrosities
  A walking crystal tome (Depths:2)
  Mlioglotl (Swamp:3)
  Murray (Depths:1)
  11 quicksilver dragons
  A deep elf master archer (Elf:3)
  Gastronok (Lair:3)
  4 deep elf blademasters (Elf:3)
  A walking divine tome (Depths:2)
  8 titans
  A quicksilver dragon (shapeshifter) (Depths:2)
  21 acid blobs
  12 ancient champions
  6 death cobs
  6 shadow dragons
  A sphinx (Vaults:1)
  2 daevas
  Donald (Swamp:4)
  8 rockslimes
  10 tengu reavers
  Kirke (Snake:4)
  5 nagarajas
  18 storm dragons
  2 revenants (Crypt:1)
  12 azure jellies
  8 draconian monks
  9 fire giants
  6 draconian knights
  Roxanne (Snake:4)
  7 draconian scorchers
  Aizul (Snake:4)
  3 deep elf sorcerers
  An iron dragon (Vaults:5)
  3 balrugs
  2 frost giants (Vaults:5)
  8 draconian shifters
  17 vault wardens
  A caustic shrike zombie (Crypt:3)
  6 deep elf elementalists (Elf:3)
  2 imperial myrmidons (Desolation)
  A spriggan defender (Depths:3)
  6 draconian stormcallers
  A cacodemon (D:14)
  13 ghouls
  23 ironbound preservers
  3 orc warlords
  7 reapers
  15 stone giants
  8 draconian annihilators
  8 quicksilver oozes
  33 very ugly things
  A juggernaut skeleton (Crypt:2)
  5 war gargoyles
  11 vampire knights
  12 green draconians
  10 ironbound thunderhulks
  4 eleionomae
  17 black draconians
  16 purple draconians
  8 deep elf demonologists
  Azrael (Elf:2)
  13 red draconians
  A putrid mouth (Depths:2)
  5 deep elf annihilators
  10 yellow draconians
  9 dire elephants
  9 white draconians
  A minotaur (Gauntlet)
  2 pale draconians (Depths:4)
  4 spark wasps
  7 bunyips
  A halazid warlock (Desolation)
  8 eidola
  8 fire dragons
  5 blizzard demons
  13 ettins
  10 deep elf death magi
  4 crystal guardians
  5 green deaths
  3 iron golems (Depths:1)
  A kraken zombie (Hell)
  An ettin (shapeshifter) (Elf:1)
  2 entropy weavers (Vaults:2)
  Harold (Lair:1)
  10 deep elf high priests
  8 yaktaur captains
  11 jiangshi
  Fannar (Lair:3)
  36 vault guards
  3 rakshasas
  5 salamander tyrants (Snake:4)
  7 ragged hierophants (Desolation)
  13 great orbs of eyes
  A shambling mangrove (Swamp:2)
  6 servants of whispers (Desolation)
  2 ghost crabs (Swamp:2)
  12 hydras
  6 ice dragons
  12 peacekeepers
  14 centaur warriors
  2 ogre magi
  6 spriggan air magi
  3 hell beasts
  13 ironbound frosthearts
  6 boulder beetles
  A death knight (Crypt:2)
  11 deep troll shamans
  12 alligators
  15 anacondas
  18 naga warriors
  The ghost of emiel the Covert, a journeyman KoEE of Vehumet (Lair:2)
  5 tengu warriors
  6 two-headed ogres
  A titan zombie (Crypt:3)
  10 vampire magi
  23 dancing weapons
  6 orc high priests
  5 hell hogs (Hell)
  A thrashing horror (Swamp:4)
  12 shock serpents
  11 deep troll earth magi
  4 spriggan berserkers
  6 sun demons
  6 soul eaters
  11 deep elf knights
  17 hell knights
  Nergalle (Lair:3)
  9 naga sharpshooters
  Amaemon (D:10)
  3 crystal echidnas (Hell)
  25 skeletal warriors
  8 iron trolls
  3 shadow wraiths
  10 salamander mystics
  A spark wasp zombie (Crypt:2)
  4 sixfirhies
  11 goliath frogs
  18 bog bodies
  4 spriggan druids
  15 swamp dragons
  4 sea snakes (Snake:1)
  An anaconda zombie (Hell)
  A skyshark (shapeshifter) (Depths:2)
  6 wizards
  4 glowing orange brains
  An orange crystal statue (Hell)
  3 flayed ghosts
  An orb spider (shapeshifter) (D:13)
  8 lindwurms
  59 deep trolls
  A bunyip zombie (Crypt:2)
  A steelbarb worm (shapeshifter) (Elf:2)
  An iron giant skeleton (Crypt:1)
  An obsidian statue (Depths:1)
  A swamp dragon (shapeshifter) (Vaults:5)
  36 deep elf pyromancers
  8 harpies (Vaults:1)
  A wolf spider zombie (Crypt:3)
  12 deep elf archers
  7 naga ritualists
  A bunyip skeleton (Crypt:2)
  A tengu zombie (D:15)
  19 phantasmal warriors
  24 mana vipers
  A wolf spider (D:15)
  20 ironbound convokers
  20 orc knights
  An anaconda skeleton (Hell)
  26 deep elf zephyrmancers
  11 necromancers
  3 orc sorcerers
  A cyclops (shapeshifter) (Vaults:3)
  5 shining eyes
  34 ugly things
  A toenail golem (Depths:4)
  6 will-o-the-wisps
  2 manticores (D:12)
  6 cyclopes
  An elephant (shapeshifter) (Vaults:3)
  6 elephants (Lair:5)
  21 naga magi
  14 guardian serpents
  A rust devil (Depths:1)
  23 moths of wrath
  An eleionoma skeleton (Crypt:1)
  2 ice statues (Hell)
  23 salamanders
  16 vault sentinels
  7 molten gargoyles (Hell)
  51 black mambas
  5 smoke demons
  2 gargoyles
  8 cane toads
  An eye of devastation (shapeshifter) (Vaults:5)
  5 orange demons
  A torpor snail (Lair:1)
  38 yaktaurs
  A white draconian zombie (Crypt:2)
  A kobold demonologist (D:13)
  A red draconian zombie (Crypt:1)
  4 centaur skeletons (D:13)
  2 unseen horrors
  10 komodo dragons
  2 rime drakes
  3 tengu conjurers
  A hellion (Hell)
  5 freezing wraiths
  2 ice devils
  3 tormentors
  A guardian mummy (D:15)
  A yaktaur skeleton (Vaults:4)
  3 trolls
  4 sea snake zombies (Hell)
  2 bloated husks
  3 spriggan skeletons
  3 meliai (D:13)
  6 polar bears (Lair:5)
  3 hydra zombies (Hell)
  A harpy zombie (Crypt:3)
  A meliai (shapeshifter) (Vaults:5)
  24 hornets
  A wolf spider simulacrum (D:14)
  9 tyrant leeches
  67 saltlings (Desolation)
  2 harpy skeletons (Crypt:3)
  32 blink frogs
  A tarantella zombie (Crypt:2)
  3 dream sheep
  3 spriggan zombies
  A fire dragon skeleton (Crypt:3)
  A snapping turtle (shapeshifter) (Depths:3)
  A fire dragon zombie (Crypt:2)
  34 spriggans
  2 centaur simulacra
  106 slime creatures
  2 shadows (Swamp:4)
  3 wyverns
  9 water elementals
  An air elemental (Elf:3)
  6 wraiths
  71 yaks
  4 vampires
  2 basilisks
  6 fire elementals
  2 black mamba skeletons
  A chaos spawn (Depths:2)
  2 neqoxecs
  A redback (shapeshifter) (Vaults:5)
  Menkaure (D:7)
  2 hogs (Snake:4)
  4 steam dragons
  A wind drake skeleton (Crypt:1)
  4 wargs
  2 harpy simulacra (Crypt:3)
  14 vampire mosquitoes
  49 nagas
  A swamp worm (shapeshifter) (D:13)
  18 swamp worms
  2 acid dragons (D:9)
  A merfolk zombie (Crypt:1)
  A fire bat skeleton (Crypt:3)
  2 hydra simulacra (Hell)
  13 water moccasins
  3 swamp drakes
  3 hell hounds (Elf:2)
  43 orc warriors
  3 ice beasts
  5 black bears
  2 human zombies (Vaults:4)
  2 sky beasts
  9 ogres
  30 wolves
  15 centaurs
  3 boggarts (Lair:5)
  2 phantoms
  8 kobold brigands
  Blork the orc (D:4)
  2 gnoll sergeants (D:9)
  11 bullfrogs
  A water moccasin zombie (Crypt:2)
  7 necrophages
  An earth elemental (Elf:3)
  3 scorpions
  8 wights
  7 electric eels
  A shapeshifter skeleton (Crypt:1)
  9 howler monkeys
  3 vampire bats (D:15)
  2 lava snakes (Snake:4)
  4 hounds
  14 jellies
  Crazy Yiuf (D:7)
  35 orc priests
  2 gnoll boudas
  Ijyb (D:4)
  4 iguanas
  23 orc wizards
  A scorpion zombie (Crypt:2)
  6 hell rats (Lair:5)
  A sky beast zombie (Crypt:3)
  An ice beast zombie (Crypt:1)
  2 naga skeletons
  17 gnolls
  6 adders
  A shadow imp (D:7)
  5 white imps
  An ufetubus (D:5)
  6 worms
  2 dart slugs
  100 orcs
  6 bat skeletons (D:15)
  A bat zombie (D:15)
  4 endoplasms
  2 giant cockroaches
  4 goblins
  5 hobgoblins
  10 jackals
  A quokka (D:2)
  7 ball pythons
  4 bats (D:1)
  6 frilled lizards
  A goblin skeleton (Crypt:3)
  A hobgoblin skeleton (Crypt:3)
  26 kobolds
  2 orc zombies
  9 rats
2762 creatures vanquished.

Vanquished Creatures (others)
  2 deep elf zephyrmancers
  A black mamba (Snake:4)
  A tyrant leech (Swamp:2)
  3 humans (Snake:4)
  17 ball lightnings
  10 foxfires (Swamp:2)
  55 fungi
  73 plants
  10 withered plants
172 creatures vanquished.

Grand Total: 2934 creatures vanquished

Notes
Turn   | Place    | Note
-------+----------+-------------------------------------------
     0 | D:1      | mopl the Draconian Air Elementalist began the quest for the
                  | Orb.
     0 | D:1      | Reached XP level 1. HP: 14/14 MP: 3/3
   196 | D:1      | Reached XP level 2. HP: 16/20 MP: 1/5
   199 | D:1      | Learned a level 2 spell: Static Discharge
   920 | D:2      | Found a glowing silver altar of Zin.
   930 | D:2      | Reached XP level 3. HP: 26/26 MP: 3/6
  1045 | D:2      | Reached skill level 2 in Conjurations
  1046 | D:2      | Found a faded altar of an unknown god.
  1789 | D:3      | Found Gix Coid's Jewellery Shoppe.
  1818 | D:3      | Reached XP level 4. HP: 33/33 MP: 5/8
  1833 | D:3      | Found a radiant altar of Vehumet.
  1839 | D:3      | Became a worshipper of Vehumet
  1899 | D:3      | Learned a level 4 spell: Airstrike
  1911 | D:3      | Found Irujudd's Book Shoppe.
  2007 | D:3      | Found Cissozumm's Book Boutique.
  2080 | D:3      | Reached skill level 3 in Spellcasting
  2119 | D:3      | Reached skill level 1 in Shields
  2200 | D:3      | Found Bukhot's General Store.
  2208 | D:3      | Bought a potion of berserk rage for 65 gold pieces
  2208 | D:3      | Bought a potion of curing for 39 gold pieces
  2254 | D:3      | Found Aleelyll's Assorted Antiques.
  2266 | D:3      | Identified the +2 dagger of Painful Death {flame, rF+}
  2287 | D:3      | Reached skill level 4 in Air Magic
  2396 | D:3      | Bought a scroll labelled PEJ YRCHE UCZISK for 16 gold
                  | pieces
  2396 | D:3      | Bought a scroll labelled LUOHOD SOPHU for 16 gold pieces
  2603 | D:4      | Reached XP level 5. HP: 38/38 MP: 4/9
  2818 | D:4      | Reached skill level 3 in Conjurations
  2933 | D:4      | Found a snail-covered altar of Cheibriados.
  2937 | D:4      | Noticed Ijyb
  2969 | D:4      | Killed Ijyb
  3403 | D:4      | Noticed an ice beast
  3408 | D:4      | Killed an ice beast
  3409 | D:4      | Reached skill level 2 in Shields
  3409 | D:4      | Reached XP level 6. HP: 45/45 MP: 7/11
  3446 | D:4      | Reached * piety under Vehumet
  3446 | D:4      | Offered knowledge of Freeze by Vehumet.
  4006 | D:5      | Entered Level 5 of the Dungeon
  4006 | D:5      | Noticed Blork the orc
  4006 | D:5      | Found a broken altar of Ashenzari.
  4014 | D:4      | Killed Blork the orc
  4162 | D:5      | Reached skill level 3 in Shields
  4162 | D:5      | Reached skill level 4 in Spellcasting
  4162 | D:5      | Reached skill level 4 in Conjurations
  4162 | D:5      | Your scales start taking on a pale cyan-grey colour.
  4162 | D:5      | Reached skill level 5 in Air Magic
  4162 | D:5      | Reached XP level 7. HP: 39/50 MP: 9/13
  4162 | D:5      | Gained mutation: You are immune to the effects of steam.
                  | [Pale Draconian growth]
  4625 | D:6      | Found a staircase to the Ecumenical Temple.
  4749 | D:6      | Found a bloodstained altar of Trog.
  4909 | D:6      | Reached skill level 1 in Evocations
  4918 | D:6      | Found a sparkling altar of Nemelex Xobeh.
  4998 | D:6      | Reached skill level 6 in Air Magic
  5016 | D:6      | Reached XP level 8. HP: 42/57 MP: 15/15
  5067 | D:6      | Reached skill level 4 in Shields
  5067 | D:6      | Reached skill level 2 in Evocations
  5103 | D:6      | Reached skill level 5 in Conjurations
  5129 | D:6      | Reached skill level 5 in Spellcasting
  5402 | D:6      | Reached skill level 3 in Evocations
  5530 | D:6      | Found a burning altar of Makhleb.
  5588 | D:7      | Offered knowledge of Sandblast by Vehumet.
  5591 | D:7      | Reached ** piety under Vehumet
  5609 | D:7      | Noticed Menkaure
  5625 | D:7      | Killed Menkaure
  5626 | D:7      | Reached skill level 5 in Shields
  5626 | D:7      | Reached skill level 7 in Air Magic
  5626 | D:7      | Reached XP level 9. HP: 32/62 MP: 12/17
  5821 | D:7      | Found a runed translucent door.
  5822 | D:7      | Noticed Crazy Yiuf
  5871 | D:7      | Reached skill level 4 in Evocations
  5937 | D:7      | Found an ancient bone altar of Kikubaaqudgha.
  6027 | D:7      | Found an ornate altar of the Wu Jian Council.
  6180 | D:7      | Killed Crazy Yiuf
  6225 | D:8      | Reached skill level 6 in Conjurations
  6234 | D:8      | Found a glowing golden altar of the Shining One.
  6346 | D:8      | Identified the +4 falchion "Soqosy" {pain, *Rage rN+++
                  | Str-4 SInv}
  6445 | D:8      | Found a blossoming altar of Fedhas.
  6460 | D:8      | Offered knowledge of Stone Arrow by Vehumet.
  6461 | D:8      | Reached skill level 6 in Spellcasting
  6571 | D:8      | Reached skill level 5 in Evocations
  6661 | D:8      | Found a staircase to the Lair.
  6783 | D:8      | Reached *** piety under Vehumet
  6784 | D:8      | Reached skill level 8 in Air Magic
  7229 | D:9      | Reached skill level 7 in Conjurations
  7357 | D:8      | Learned a level 5 spell: Irradiate
  7362 | D:9      | Offered knowledge of Fulminant Prism by Vehumet.
  7428 | D:9      | Found a hide-covered altar of Uskayaw.
  7475 | D:9      | Reached XP level 10. HP: 44/69 MP: 13/20
  7542 | D:9      | Reached skill level 6 in Evocations
  7578 | D:9      | Reached skill level 1 in Transmutations
  7865 | D:9      | Reached **** piety under Vehumet
  7899 | D:9      | Noticed a two-headed ogre
  7950 | D:9      | Reached skill level 7 in Spellcasting
  8012 | D:9      | Offered knowledge of Mephitic Cloud by Vehumet.
  8017 | D:9      | Learned a level 3 spell: Mephitic Cloud
  8128 | D:9      | Reached skill level 2 in Transmutations
  8268 | D:9      | Found a hazy altar of Hepliaklqana.
  8338 | D:9      | Killed a two-headed ogre
  8396 | D:9      | Reached skill level 9 in Air Magic
  8458 | D:9      | Found a staircase to the Orcish Mines.
  8868 | D:10     | Entered Level 10 of the Dungeon
  8874 | D:10     | Reached skill level 3 in Transmutations
  8875 | D:10     | Reached skill level 7 in Evocations
  9257 | D:10     | Reached skill level 8 in Conjurations
  9366 | D:10     | Noticed Amaemon
  9367 | D:10     | Noticed an orange demon
  9378 | D:10     | Killed Amaemon
  9379 | D:10     | Reached XP level 11. HP: 74/74 MP: 20/22
  9381 | D:10     | Reached skill level 4 in Transmutations
  9606 | D:10     | Found a stormy altar of Qazlal.
  9652 | D:10     | Reached skill level 8 in Spellcasting
  9732 | D:10     | Learned a level 5 spell: Freezing Cloud
 10125 | Lair:1   | Entered Level 1 of the Lair of Beasts
 10177 | Lair:1   | Reached skill level 10 in Air Magic
 10177 | Lair:1   | Reached skill level 8 in Evocations
 10244 | Lair:1   | Reached ***** piety under Vehumet
 10411 | Lair:1   | Offered knowledge of Flame Wave by Vehumet.
 10592 | Lair:1   | Reached skill level 5 in Transmutations
 10887 | Lair:1   | Reached skill level 9 in Conjurations
 11130 | Lair:1   | Reached skill level 2 in Dodging
 11146 | Lair:1   | Reached skill level 1 in Fighting
 11439 | Lair:1   | Noticed Harold
 11454 | Lair:1   | Killed Harold
 11455 | Lair:1   | Reached skill level 2 in Fighting
 11993 | Lair:2   | Found a transporter.
 11994 | Lair:2   | Noticed emiel's ghost (journeyman KoEE)
 12200 | Lair:2   | Reached XP level 12. HP: 80/88 MP: 9/24
 12356 | Lair:2   | Reached skill level 3 in Dodging
 12356 | Lair:2   | Reached skill level 9 in Evocations
 12502 | Lair:2   | Reached skill level 3 in Fighting
 12576 | Lair:2   | Found a transporter.
 12630 | Lair:2   | Reached skill level 9 in Spellcasting
 12831 | Lair:2   | Found a staircase to the Swamp.
 13019 | Lair:3   | Reached skill level 11 in Air Magic
 13038 | Lair:3   | Noticed Gastronok
 13052 | Lair:3   | Killed Gastronok
 13199 | Lair:3   | Reached skill level 4 in Fighting
 13456 | Lair:3   | Noticed Fannar
 13464 | Lair:3   | Killed Fannar
 13465 | Lair:3   | Reached skill level 4 in Dodging
 13481 | Lair:3   | Noticed Nergalle
 13643 | Lair:3   | Found a staircase to the Snake Pit.
 13665 | Lair:3   | Noticed Nessos
 13666 | Lair:3   | Nessos changed into Nessos the dream sheep
 13666 | Lair:3   | Noticed Nessos
 13677 | Lair:3   | Killed Nessos the dream sheep
 13912 | Lair:3   | Killed Nergalle
 13913 | Lair:3   | Reached skill level 10 in Conjurations
 14538 | Lair:4   | Noticed a boulder beetle
 14553 | Lair:4   | Killed a boulder beetle
 14769 | D:3      | Bought the amulet "Joeg Kogh" {Rampage rElec rC+ Regen+}
                  | for 663 gold pieces
 15060 | Lair:4   | Reached skill level 5 in Fighting
 15061 | Lair:4   | Reached skill level 10 in Evocations
 15620 | Lair:5   | Entered Level 5 of the Lair of Beasts
 15729 | Lair:5   | Offered knowledge of Arcjolt by Vehumet.
 15829 | Lair:5   | Reached XP level 13. HP: 100/100 MP: 22/26
 16117 | Lair:5   | Reached skill level 5 in Dodging
 16259 | Lair:5   | Reached skill level 6 in Fighting
 16375 | Lair:5   | Reached skill level 10 in Spellcasting
 16375 | Lair:5   | Reached skill level 12 in Air Magic
 16447 | Lair:5   | Found a viscous altar of Jiyva.
 16447 | Lair:5   | Found a staircase to the Slime Pits.
 16731 | Lair:5   | Offered knowledge of Starburst by Vehumet.
 16913 | Lair:5   | Reached skill level 6 in Dodging
 16913 | Lair:5   | Reached skill level 11 in Conjurations
 16917 | Lair:5   | Reached skill level 11 in Evocations
 16964 | Lair:5   | Reached skill level 7 in Fighting
 17143 | Lair:5   | Identified the +6 eveningstar "Neemp" {holy, Str-5 Int+6}
 17837 | D:3      | Bought a scroll of fear for 52 gold pieces
 17837 | D:3      | Bought a scroll of vulnerability for 52 gold pieces
 17837 | D:3      | Bought a scroll of immolation for 52 gold pieces
 18008 | D:11     | Reached XP level 14. HP: 80/113 MP: 28/28
 18026 | D:11     | Identified a scroll of acquirement
 18029 | D:11     | Acquired the +1 pair of gloves of Calculation {Fly Regen+
                  | Dex+2 Stlth-}
 18075 | D:11     | Found a gate leading to a gauntlet.
 18095 | Gauntlet | Entered a Gauntlet
 18095 | Gauntlet | Found a transporter.
 18095 | Gauntlet | Found a transporter.
 18097 | Gauntlet | Found a transporter.
 18097 | Gauntlet | Found a transporter.
 18101 | Gauntlet | Found a transporter.
 18101 | Gauntlet | Found a transporter.
 18134 | Gauntlet | Found a transporter.
 18138 | Gauntlet | Found a transporter.
 18142 | Gauntlet | Found a runed translucent door.
 18142 | Gauntlet | Found a runed translucent door.
 18150 | Gauntlet | Found a transporter.
 18166 | Gauntlet | Found a transporter.
 18180 | Gauntlet | Found a transporter.
 18184 | Gauntlet | Found a transporter.
 18358 | Gauntlet | Identified the ring "Udomm" {rElec Dex+6 Stlth+}
 18413 | Gauntlet | Identified the +2 leather armour of Thoughtfulness {rN+
                  | Str+6}
 19164 | Orc:1    | Entered Level 1 of the Orcish Mines
 19415 | Orc:2    | Entered Level 2 of the Orcish Mines
 19499 | Orc:2    | Found a staircase to the Elven Halls.
 19539 | Orc:2    | Found Jout's Antique Armour Boutique.
 19835 | Orc:2    | Found Jauddamo's CLEARANCE SALE!.
 19843 | Orc:2    | Bought a scroll of teleportation for 12 gold pieces
 19843 | Orc:2    | Bought a scroll of acquirement for 208 gold pieces
 19843 | Orc:2    | Acquired the +3 cloak of the Enchanted Forest {rPois Str+5}
 19912 | Orc:2    | Reached ****** piety under Vehumet
 19928 | Orc:2    | Offered knowledge of Conjure Ball Lightning by Vehumet.
 19931 | Orc:2    | Reached skill level 8 in Fighting
 19938 | Orc:2    | Reached skill level 13 in Air Magic
 20111 | Orc:2    | Reached skill level 7 in Dodging
 20193 | Orc:2    | Reached skill level 11 in Spellcasting
 20447 | Orc:2    | Found Woler's Jewellery Boutique.
 20447 | Orc:2    | Found Juoqojia's Armour Boutique.
 20448 | Orc:2    | Found Xotwubbo's Assorted Antiques.
 20448 | Orc:2    | Found Fiuzyuro's Antique Weapon Shop.
 20456 | Orc:2    | Bought a scroll labelled WAUHITHRENECO for 24 gold pieces
 20456 | Orc:2    | Bought a scroll labelled ZIOZET LEBO for 24 gold pieces
 20681 | Lair:1   | Learned a level 6 spell: Conjure Ball Lightning
 21293 | D:12     | Reached skill level 12 in Evocations
 21653 | D:12     | Offered knowledge of Yara's Violent Unravelling by Vehumet.
 21661 | D:12     | Learned a level 5 spell: Yara's Violent Unravelling
 22178 | D:13     | Reached skill level 1 in Staves
 22179 | D:13     | Identified the +0 leather armour of Piwuet {+Inv Regen+
                  | Str+2}
 22349 | D:13     | Reached skill level 1 in Hexes
 22466 | D:13     | Reached skill level 12 in Conjurations
 22467 | D:13     | Reached XP level 15. HP: 111/123 MP: 28/30
 22505 | D:13     | Reached skill level 9 in Fighting
 22539 | D:13     | Found a gate to the Vaults.
 23210 | D:14     | Found a sacrificial altar of Ru.
 23369 | D:14     | Reached skill level 2 in Staves
 23555 | D:14     | Reached skill level 2 in Hexes
 23555 | D:14     | Found Umacinoz's Distillery.
 23683 | D:14     | Offered knowledge of Eringya's Noxious Bog by Vehumet.
 23687 | D:14     | Reached skill level 6 in Transmutations
 23692 | D:14     | Reached skill level 6 in Shields
 24009 | D:15     | Entered Level 15 of the Dungeon
 24139 | D:15     | Found a staircase to the Depths.
 24320 | D:15     | Reached skill level 8 in Dodging
 24597 | D:15     | Reached skill level 3 in Staves
 24706 | D:15     | Found an ancient bone altar of Kikubaaqudgha.
 24944 | D:15     | Reached skill level 3 in Hexes
 25211 | Swamp:1  | Entered Level 1 of the Swamp
 26099 | Swamp:2  | Reached skill level 14 in Air Magic
 26141 | Swamp:2  | Reached XP level 16. HP: 134/134 MP: 6/31
 26680 | Swamp:2  | Reached skill level 4 in Staves
 26754 | Swamp:2  | Offered knowledge of Orb of Destruction by Vehumet.
 26776 | Swamp:2  | Reached skill level 10 in Fighting
 26776 | Swamp:2  | Reached skill level 7 in Transmutations
 26816 | Swamp:2  | Reached skill level 7 in Shields
 27015 | Swamp:2  | Reached skill level 4 in Hexes
 27416 | Swamp:2  | Reached skill level 13 in Evocations
 27485 | Swamp:2  | Learned a level 7 spell: Orb of Destruction
 28157 | Swamp:3  | Noticed Mlioglotl
 28243 | Swamp:3  | Reached skill level 12 in Spellcasting
 28594 | Swamp:2  | Reached skill level 5 in Staves
 28761 | Swamp:2  | Reached skill level 13 in Conjurations
 29071 | Swamp:3  | Gained mutation: You are weak. (Str -2) [a neqoxec]
 29079 | Swamp:3  | Gained mutation: Your magical capacity is low. (-10% MP) [a
                  | neqoxec]
 29099 | Swamp:2  | Lost mutation: You are weak. (Str -2) [potion of mutation]
 29099 | Swamp:2  | Lost mutation: Your magical capacity is low. (-10% MP)
                  | [potion of mutation]
 29099 | Swamp:2  | Gained mutation: You have a pair of small antennae on your
                  | head. [potion of mutation]
 29107 | Swamp:3  | Killed Mlioglotl
 29775 | Swamp:4  | Entered Level 4 of the Swamp
 29781 | Swamp:4  | Reached skill level 9 in Dodging
 29916 | Swamp:4  | Reached skill level 5 in Hexes
 30130 | Swamp:4  | Reached XP level 17. HP: 124/141 MP: 33/33
 30448 | Swamp:4  | Reached skill level 8 in Shields
 30528 | Swamp:4  | Noticed Donald
 30536 | Swamp:4  | Reached skill level 8 in Transmutations
 30537 | Swamp:4  | Killed Donald
 30584 | Swamp:4  | Paralysed by a great orb of eyes for 4 turns
 30594 | Swamp:4  | Offered knowledge of Chain Lightning by Vehumet.
 30594 | Swamp:4  | Offered knowledge of Polar Vortex by Vehumet.
 30594 | Swamp:4  | Offered knowledge of Maxwell's Capacitive Coupling by
                  | Vehumet.
 30643 | Swamp:4  | Reached skill level 6 in Staves
 30668 | Swamp:4  | Reached skill level 11 in Fighting
 30762 | Swamp:4  | Got a decaying rune of Zot
 31033 | Snake:1  | Entered Level 1 of the Snake Pit
 31367 | Snake:1  | Found a radiant altar of Vehumet.
 31669 | Snake:1  | Got the Reference Book on Geological Allies
 32546 | Snake:2  | Reached skill level 15 in Air Magic
 33377 | Snake:3  | Reached skill level 14 in Evocations
 33417 | Snake:3  | Reached skill level 7 in Staves
 33417 | Snake:3  | Reached skill level 9 in Shields
 33518 | Snake:3  | Acquired 895 gold pieces
 33575 | Snake:3  | Reached XP level 18. HP: 141/151 MP: 21/34
 33665 | Snake:3  | Reached skill level 10 in Dodging
 33718 | Snake:3  | Identified the -1 helmet "Agaufui" {rC+ Dex+4}
 34156 | Snake:4  | Entered Level 4 of the Snake Pit
 34387 | Snake:4  | Noticed Kirke
 34390 | Snake:4  | Reached skill level 14 in Conjurations
 34390 | Snake:4  | Killed Kirke
 34401 | Snake:4  | Reached skill level 12 in Fighting
 34401 | Snake:4  | Reached skill level 13 in Spellcasting
 34561 | Snake:4  | Noticed Aizul
 34570 | Snake:4  | Killed Aizul
 34699 | Snake:4  | Reached skill level 8 in Staves
 35170 | Snake:4  | Identified Roxanne's Folio of the Valley
 35170 | Snake:4  | Noticed Roxanne
 35435 | Snake:4  | Killed Roxanne
 35664 | Snake:4  | Identified the +7 quarterstaff of Delicate Optimality
                  | {drain, rF+ rC- Int+3}
 35678 | Snake:4  | Reached skill level 16 in Air Magic
 35744 | Snake:4  | Noticed Nikola
 35757 | Snake:4  | Killed Nikola
 35758 | Snake:4  | Reached skill level 10 in Shields
 35900 | Snake:4  | Reached XP level 19. HP: 112/160 MP: 36/36
 36042 | Snake:4  | Got a serpentine rune of Zot
 36535 | Elf:1    | Entered Level 1 of the Elven Halls
 36600 | Elf:1    | Found a radiant altar of Vehumet.
 36627 | Elf:1    | Reached skill level 15 in Evocations
 36714 | Elf:1    | Found a crumbling gateway.
 36718 | Desolati | Entered the Desolation of Salt
 37252 | Desolati | Reached skill level 11 in Dodging
 37497 | Desolati | Reached skill level 9 in Staves
 37511 | Desolati | Identified the ring of Podim {Contam rF+ rCorr Str+2 Dex+4}
 37528 | Desolati | Identified the amulet of the Greedy {rF+ Will+ Regen+}
 37654 | Desolati | Identified the +0 pair of boots "Fyshrob" {rElec rC++ Str+2
                  | Stlth+}
 37794 | Desolati | Identified the ring "Dioplesy" {rPois rF+ rC- Will+}
 37864 | Desolati | Reached skill level 17 in Air Magic
 37928 | Desolati | Got The Lost Handbook of Sif Muna
 37989 | Desolati | Identified the +2 leather armour "Munla" {Drain rN+ Will+
                  | MP+9}
 38007 | Desolati | Identified the amulet "Seicis" {Spirit Harm Str+4 Stlth+}
 38035 | Desolati | Identified the +1 ring mail of the Barnacle {rElec Will+++
                  | Str-3 Int-4}
 38084 | Desolati | Identified the +4 war axe "Raochath" {elec, rF+ rN++ Will+
                  | Dex-3}
 38445 | Elf:1    | Got the Book of the Mob
 38969 | Elf:1    | Reached skill level 15 in Conjurations
 39428 | Elf:2    | Found a runed translucent door.
 39566 | Elf:2    | Noticed Azrael
 39571 | Elf:2    | Killed Azrael
 39644 | Elf:2    | Found a runed translucent gate.
 39644 | Elf:2    | Found a runed translucent gate.
 39644 | Elf:2    | Found a runed translucent gate.
 39728 | Elf:2    | Reached XP level 20. HP: 156/168 MP: 25/37
 40000 | Elf:2    | Learned a level 8 spell: Maxwell's Capacitive Coupling
 40341 | Elf:2    | Noticed Lyuseeti's ghost (adept GrEE)
 40353 | Elf:3    | Entered Level 3 of the Elven Halls
 40376 | Elf:3    | Reached skill level 14 in Spellcasting
 40408 | Elf:3    | Found Gidoajem's Assorted Antiques.
 40420 | Elf:3    | Bought a scroll of teleportation for 75 gold pieces
 40420 | Elf:3    | Bought a scroll of teleportation for 75 gold pieces
 40790 | Elf:3    | Reached skill level 10 in Staves
 40828 | Elf:3    | Identified the +6 long sword of Victory {antimagic, +Blink
                  | Int+5}
 40887 | Elf:3    | Identified the +4 demon whip of Tomorrow {elec, rElec}
 40887 | Elf:3    | Identified the amulet of Xiepn {RegenMP +Inv Will- Regen+
                  | SInv}
 41118 | Elf:3    | Reached skill level 18 in Air Magic
 41502 | Elf:3    | Got Konooc's Writings on Anemomancy
 41515 | Elf:3    | Got Irhilino's Atlas of the Bonfire
 41600 | Elf:3    | Got the Octavo of the Serac
 41719 | Elf:3    | Identified the ring "Bipsu" {rPois EV+5}
 41839 | Elf:3    | Got the Dissertation on Exhalation and Infection
 41891 | Elf:3    | Got Sif Muna's Precepts of Amalgamated Misfortune
 41912 | Elf:3    | Got the Exposition on Debased Rites
 42277 | Vaults:1 | Entered Level 1 of the Vaults
 42488 | Vaults:1 | Reached skill level 16 in Evocations
 42852 | Vaults:1 | Reached skill level 9 in Transmutations
 42896 | Vaults:1 | Reached skill level 12 in Dodging
 43681 | Vaults:2 | Reached XP level 21. HP: 164/174 MP: 39/39
 43734 | Vaults:2 | Reached skill level 11 in Shields
 43892 | Vaults:2 | Found Girutape's General Store.
 43901 | Vaults:2 | Bought a potion of haste for 160 gold pieces
 43901 | Vaults:2 | Bought 2 potions of curing for 96 gold pieces
 43901 | Vaults:2 | Bought a potion of haste for 160 gold pieces
 44378 | Vaults:2 | Reached skill level 19 in Air Magic
 44432 | Vaults:2 | Acquired 687 gold pieces
 44690 | Vaults:2 | Reached skill level 11 in Staves
 45522 | Vaults:3 | Noticed a golden dragon
 45531 | Vaults:3 | Killed a golden dragon
 45532 | Vaults:3 | Reached skill level 16 in Conjurations
 45532 | Vaults:3 | Reached skill level 10 in Transmutations
 46187 | Vaults:3 | Found a staircase to the Crypt.
 46187 | Vaults:3 | Found a basalt altar of Yredelemnul.
 46187 | Vaults:3 | Found an ancient bone altar of Kikubaaqudgha.
 46459 | Vaults:3 | Identified the +4 falchion "Haicaqes" {spect, *Corrode
                  | Str+3 Int+6}
 46569 | Vaults:4 | Reached skill level 15 in Spellcasting
 46744 | Vaults:4 | Noticed Mennas
 46817 | Vaults:4 | Killed Mennas
 46948 | Vaults:4 | Reached XP level 22. HP: 174/181 MP: 39/41
 47019 | Vaults:4 | Reached skill level 20 in Air Magic
 47022 | Vaults:4 | Reached skill level 12 in Shields
 47032 | Vaults:4 | Reached skill level 13 in Dodging
 47125 | Vaults:4 | Noticed a golden dragon
 47144 | Vaults:4 | Killed a golden dragon
 47601 | Vaults:4 | Learned a level 9 spell: Chain Lightning
 47687 | Vaults:4 | Found Aleelyll's Assorted Antiques.
 48067 | Crypt:1  | Entered Level 1 of the Crypt
 48149 | Crypt:1  | Reached skill level 12 in Staves
 48294 | Crypt:1  | Reached skill level 1 in Ice Magic
 48411 | Crypt:1  | Found a runed translucent gate.
 48411 | Crypt:1  | Found a runed translucent gate.
 48411 | Crypt:1  | Found a runed translucent gate.
 48416 | Crypt:1  | Noticed Nuh Ema's ghost (veteran HuVM)
 48416 | Crypt:1  | Noticed Nuh Ema's ghost (veteran HuVM)
 49233 | Crypt:2  | Noticed Xtahua
 49236 | Crypt:2  | Reached skill level 2 in Ice Magic
 49243 | Crypt:2  | Killed Xtahua
 50089 | Crypt:2  | Found a basalt altar of Yredelemnul.
 50096 | Crypt:2  | Identified the ring of Gephiash {rElec rC+ Dex+3 SInv}
 50187 | Crypt:3  | Entered Level 3 of the Crypt
 50242 | Crypt:3  | Reached skill level 3 in Ice Magic
 50572 | Crypt:3  | Reached skill level 21 in Air Magic
 50987 | Crypt:3  | Reached XP level 23. HP: 187/188 MP: 34/42
 50988 | Crypt:3  | Identified the +6 quarterstaff of the Destroying Gods
                  | {vamp, Dex+2}
 51003 | Crypt:3  | Identified the ring of Taruan {+Blink rN+ Int+3 Stlth+}
 51091 | Crypt:3  | Reached skill level 4 in Ice Magic
 51120 | Crypt:3  | Identified the ring of Twilight {rN+ Str+4}
 51186 | Crypt:3  | Noticed a curse toe
 51251 | Crypt:3  | Killed a curse toe
 51252 | Crypt:3  | Reached skill level 17 in Conjurations
 51348 | Crypt:3  | Found a staircase to the Tomb.
 51482 | Crypt:3  | Identified the ring "Efelac" {rN+ Int+3}
 51487 | Crypt:3  | Reached skill level 13 in Fighting
 51509 | Crypt:3  | Found an ancient bone altar of Kikubaaqudgha.
 51513 | Crypt:3  | Found a basalt altar of Yredelemnul.
 51533 | Crypt:3  | Got the Excursus on Death
 51567 | Crypt:3  | Identified the +0 scale mail "Liusim" {rPois Dex+3}
 52229 | Depths:1 | Entered Level 1 of the Depths
 52252 | Depths:1 | Reached skill level 13 in Shields
 52522 | Depths:1 | Learned a level 3 spell: Swiftness
 52532 | Depths:1 | Found a corrupted altar of Lugonu.
 52532 | Depths:1 | Found a one-way gate to the infinite horrors of the Abyss.
 52575 | Depths:1 | Found a runed translucent door.
 52577 | Depths:1 | Noticed Puodgh's ghost (adept MfGl)
 52703 | Depths:1 | Noticed Mara
 52707 | Depths:1 | Noticed mopl's illusion
 52765 | Depths:1 | Noticed mopl's illusion
 52768 | Depths:1 | Noticed mopl's illusion
 52795 | Depths:1 | Gained mutation: You occasionally lose the ability to read
                  | scrolls when taking damage. [a neqoxec]
 52797 | Depths:1 | Reached skill level 5 in Ice Magic
 52980 | D:15     | Killed Mara
 53044 | Depths:1 | Found a gateway to Hell.
 53220 | Depths:1 | Reached skill level 14 in Dodging
 53494 | Depths:1 | Found a sparkling altar of Nemelex Xobeh.
 53668 | Depths:2 | Found an opulent altar of Gozag.
 53991 | Depths:2 | Reached skill level 16 in Spellcasting
 54102 | Depths:2 | Noticed Bai Suzhen
 54106 | Depths:2 | Killed Bai Suzhen
 54184 | Depths:2 | Noticed Grunn
 54209 | Depths:2 | Killed Grunn
 54360 | Depths:2 | Identified the +4 mace of Utodgh {protect, *Slow rPois
                  | MP+9}
 54362 | Depths:2 | Reached skill level 22 in Air Magic
 54493 | Depths:2 | Reached skill level 6 in Ice Magic
 54703 | Depths:2 | Found Zaur's Antique Armour Shop.
 54757 | Depths:2 | Identified the ring of Pidghaol {rF+ Int+6}
 55031 | Depths:2 | Found a one-way gate leading to the halls of Pandemonium.
 56314 | D:3      | Bought a book of Spatial Translocations for 180 gold pieces
 56317 | D:3      | Learned a level 2 spell: Blink
 56676 | Depths:2 | Reached XP level 24. HP: 173/202 MP: 43/43
 56774 | Depths:3 | Reached skill level 1 in Translocations
 56987 | Depths:3 | Found a one-way gateway to a ziggurat.
 57092 | Depths:3 | Identified the ring "Nyruwed" {rPois rC- rN+ Will+ SInv}
 57216 | Depths:3 | Reached skill level 14 in Fighting
 57891 | Depths:4 | Entered Level 4 of the Depths
 57901 | Depths:4 | Reached skill level 2 in Translocations
 58505 | Depths:4 | Reached skill level 7 in Ice Magic
 58609 | Depths:4 | Reached skill level 3 in Translocations
 58710 | Depths:4 | Reached skill level 14 in Shields
 58758 | Depths:4 | Found a gate to the Realm of Zot.
 59544 | Slime:1  | Entered Level 1 of the Pits of Slime
 59857 | Slime:2  | Gained mutation: You are frail. (-10% HP) [a shining eye]
 59859 | Slime:2  | Gained mutation: You are agile. (Dex +4, Str/Int -1) [a
                  | shining eye]
 59975 | Slime:3  | Reached skill level 4 in Translocations
 60047 | Slime:3  | Reached skill level 18 in Conjurations
 60097 | Slime:5  | Entered Level 5 of the Pits of Slime
 60116 | Slime:5  | Noticed Dissolution
 60382 | Slime:5  | Reached skill level 23 in Air Magic
 60608 | Slime:5  | Noticed the Royal Jelly
 60674 | Slime:5  | Gained mutation: You are occasionally teleported next to
                  | monsters. [a shining eye]
 60993 | D:14     | Bought a potion of mutation for 104 gold pieces
 60993 | D:14     | Lost mutation: You are occasionally teleported next to
                  | monsters. [potion of mutation]
 60993 | D:14     | Lost mutation: You are frail. (-10% HP) [potion of
                  | mutation]
 60993 | D:14     | Gained mutation: You are dopey. (Int -2) [potion of
                  | mutation]
 61598 | Slime:5  | Killed Dissolution
 61599 | Slime:5  | Reached skill level 8 in Ice Magic
 61599 | Slime:5  | Reached XP level 25. HP: 212/212 MP: 34/43
 61651 | Slime:4  | Reached skill level 15 in Dodging
 61659 | Slime:4  | Reached skill level 5 in Translocations
 61705 | Slime:5  | Found a viscous altar of Jiyva.
 61705 | Slime:5  | Found the brooch of Shielding {Spirit SH+8}
 61806 | Slime:5  | Killed the Royal Jelly
 62273 | Slime:5  | Got Saoluock's Vellum of the Coals
 62313 | Slime:5  | Got a slimy rune of Zot
 62332 | Slime:5  | Identified the +5 morningstar of Puath {drain, rCorr Str+8
                  | Stlth-}
 62338 | Slime:5  | Identified the ring of Athux {Wiz Int+4}
 62789 | Hell     | Entered the Vestibule of Hell
 62789 | Hell     | Noticed Geryon
 62935 | Hell     | Noticed Murray
 62942 | Depths:1 | Killed Murray
 63132 | Depths:1 | Reached skill level 15 in Fighting
 63472 | Lair:2   | Killed emiel's ghost
 63701 | Elf:2    | Killed Lyuseeti's ghost
 63827 | Elf:2    | Reached skill level 17 in Spellcasting
 64906 | Hell     | Reached skill level 9 in Ice Magic
 65008 | Hell     | Killed Geryon
 65391 | Hell     | Found a gateway to the ashen valley of Gehenna.
 65446 | Hell     | Found a gateway to the decaying netherworld of Tartarus.
 65451 | Hell     | Reached skill level 15 in Shields
 65800 | Hell     | Found a gateway to the Iron City of Dis.
 65815 | Hell     | Reached skill level 24 in Air Magic
 65867 | Hell     | Found a gateway to the freezing wastes of Cocytus.
 66095 | Zot:1    | Entered Level 1 of the Realm of Zot
 67248 | Zot:1    | Noticed a Killer Klown
 67249 | Zot:1    | Noticed a Killer Klown
 67271 | Zot:1    | Killed a Killer Klown
 67272 | Zot:1    | Reached skill level 10 in Ice Magic
 67306 | Zot:1    | Reached skill level 19 in Conjurations
 67325 | Zot:1    | Killed a Killer Klown
 67601 | Zot:1    | Reached XP level 26. HP: 215/221 MP: 44/44
 67669 | Zot:1    | Identified the +0 robe of Stoicism {-Tele Int-2 Dex+6
                  | Slay+4}
 67811 | Zot:1    | Found the +4 dragonskin cloak
 67811 | Zot:1    | Noticed Tiamat
 67824 | Zot:1    | Killed Tiamat
 68053 | Zot:1    | Reached skill level 25 in Air Magic
 68779 | Zot:3    | Reached skill level 11 in Ice Magic
 68940 | Zot:3    | Reached skill level 18 in Spellcasting
 69172 | Zot:3    | Noticed an ancient lich
 69175 | Zot:3    | Killed an ancient lich
 69242 | Zot:3    | Identified the +8 spear of Secusot {drain, rElec}
 69282 | Zot:4    | Noticed an orb of fire
 69287 | Zot:4    | Killed an orb of fire
 69702 | Lair:1   | Lost mutation: You occasionally lose the ability to read
                  | scrolls when taking damage. [potion of mutation]
 69702 | Lair:1   | Lost mutation: You are dopey. (Int -2) [potion of mutation]
 69702 | Lair:1   | Lost mutation: You have a pair of small antennae on your
                  | head. [potion of mutation]
 69702 | Lair:1   | Gained mutation: You are robust. (+10% HP) [potion of
                  | mutation]
 69702 | Lair:1   | Lost mutation: You are robust. (+10% HP) [potion of
                  | mutation]
 69702 | Lair:1   | Gained mutation: Your natural rate of healing is unusually
                  | fast. [potion of mutation]
 70218 | Zot:4    | Learned a level 2 spell: Sublimation of Blood
 70233 | Zot:4    | Reached skill level 26 in Air Magic
 70238 | Zot:4    | Reached skill level 1 in Necromancy
 70326 | Zot:4    | Reached skill level 2 in Necromancy
 70402 | Zot:4    | Reached skill level 3 in Necromancy
 70414 | Zot:4    | Learned a level 4 spell: Passage of Golubria
 70804 | Zot:4    | Reached skill level 4 in Necromancy
 71090 | Zot:4    | Reached skill level 6 in Translocations
 71334 | Zot:5    | Entered Level 5 of the Realm of Zot
 71406 | Zot:5    | Reached skill level 5 in Necromancy
 71856 | Zot:5    | Reached skill level 27 in Air Magic
 71880 | Zot:5    | Reached skill level 7 in Translocations
 71923 | Zot:5    | Noticed an orb of fire
 71929 | Zot:5    | Killed an orb of fire
 71930 | Zot:5    | Reached skill level 8 in Translocations
 72092 | Zot:5    | Reached XP level 27. HP: 227/227 MP: 39/45
 72095 | Zot:5    | Noticed a dread lich
 72098 | Zot:5    | Noticed an ancient lich
 72099 | Zot:5    | Killed a dread lich
 72100 | Zot:5    | Noticed an orb of fire
 72102 | Zot:5    | Lost mutation: You are agile. (Dex +4, Str/Int -1) [an orb
                  | of fire]
 72105 | Zot:5    | Killed an orb of fire
 72111 | Zot:5    | Reached skill level 9 in Translocations
 72114 | Zot:5    | Killed an ancient lich
 72267 | Zot:5    | Noticed a dread lich
 72272 | Zot:5    | Killed a dread lich
 72294 | Zot:5    | Noticed a dread lich
 72298 | Zot:5    | Killed a dread lich
 72359 | Zot:5    | Noticed a dread lich
 72363 | Zot:5    | Killed a dread lich
 72382 | Zot:5    | Noticed a dread lich
 72383 | Zot:5    | Noticed a dread lich
 72383 | Zot:5    | Noticed a dread lich
 72385 | Zot:5    | Killed a dread lich
 72385 | Zot:5    | Killed a dread lich
 72385 | Zot:5    | Noticed an ancient lich
 72386 | Zot:5    | Reached skill level 10 in Translocations
 72386 | Zot:5    | Reached skill level 12 in Ice Magic
 72387 | Zot:5    | Killed a dread lich
 72387 | Zot:5    | Killed an ancient lich
 72586 | Zot:5    | Noticed a dread lich
 72591 | Zot:5    | Killed a dread lich
 72851 | Zot:5    | Reached skill level 6 in Necromancy
 72890 | Zot:5    | Reached skill level 19 in Spellcasting
 72926 | Zot:5    | Reached skill level 13 in Ice Magic
 73500 | Vaults:5 | Entered Level 5 of the Vaults
 73503 | Vaults:5 | Noticed Sojobo
 73504 | Vaults:5 | Reached skill level 7 in Necromancy
 73508 | Vaults:5 | Killed Sojobo
 73512 | Vaults:5 | Reached skill level 8 in Necromancy
 73652 | Vaults:5 | Noticed Jory
 73792 | Vaults:5 | Killed Jory
 73793 | Vaults:5 | Reached skill level 9 in Necromancy
 73815 | Vaults:5 | Identified the +11 trident "Zuvipat" {heavy, rPois MP+9
                  | Str-4}
 73852 | Vaults:5 | Reached skill level 10 in Necromancy
 73852 | Vaults:5 | Reached skill level 14 in Ice Magic
 74057 | Vaults:5 | Got a silver rune of Zot
 74094 | Vaults:5 | Reached skill level 1 in Polearms
 74228 | Vaults:5 | Identified the +1 scale mail "Soeczid" {rPois rC+}
 74235 | Vaults:5 | Reached skill level 2 in Polearms
 74284 | Vaults:5 | Found the +9 staff of Olgreb {rPois∞}
 74307 | Vaults:5 | Identified the +2 rapier of Tenacity {venom, Int+2 SInv}
 74374 | Vaults:5 | Reached skill level 3 in Polearms
 74429 | Vaults:5 | Identified the +2 robe of Bursted the Good {Regen+}
 74460 | Vaults:5 | Identified the +4 dagger of Dissatisfaction {protect, Will+
                  | Str+3}
 75548 | Zot:5    | Got the Orb of Zot
 75732 | Depths:4 | Gained mutation: You have hidden genetic defects. [a
                  | neqoxec]
 76033 | D:8      | Reached skill level 20 in Spellcasting
 76216 | D:1      | Lost mutation: You have hidden genetic defects. [potion of
                  | mutation]
 76216 | D:1      | Lost mutation: Your natural rate of healing is unusually
                  | fast. [potion of mutation]
 76216 | D:1      | Gained mutation: You occasionally lose the ability to read
                  | scrolls when taking damage. [potion of mutation]
 76217 | D:1      | Lost mutation: You occasionally lose the ability to read
                  | scrolls when taking damage. [potion of mutation]
 76217 | D:1      | Gained mutation: You are weak. (Str -2) [potion of
                  | mutation]
 76217 | D:1      | Gained mutation: You have hidden genetic defects. [potion
                  | of mutation]
 76217 | D:1      | Gained mutation: You have a somewhat thin skeletal
                  | structure. (Dex +2, Stealth+) [potion of mutation]
 76218 | D:1      | Lost mutation: You have hidden genetic defects. [potion of
                  | mutation]
 76218 | D:1      | Lost mutation: You have a somewhat thin skeletal structure.
                  | (Dex +2, Stealth+) [potion of mutation]
 76218 | D:1      | Lost mutation: You are weak. (Str -2) [potion of mutation]
 76219 | D:1      | Gained mutation: Your tail ends in a venomous barb. [potion
                  | of mutation]
 76219 | D:1      | Gained mutation: You are resistant to electric shocks.
                  | (rElec) [potion of mutation]
 76219 | D:1      | Gained mutation: Your mind is acute. (Int +4, Str/Dex -1)
                  | [potion of mutation]
 76221 | D:$      | Escaped with the Orb!

Illustrated notes

Levels and vault maps discovered:
D:1:      ncdulo_wetmaze, layout_loops_corners
D:2:      layout_rooms, basic_altar, basic_ecumenical_altar
D:3:      layout_basic, vehumet_crystals, serial_shops, nicolae_square_shop,
          nicolae_shop_statue_plus, shop, shop_statue, shop_statue,
          minmay_guardbox
D:4:      layout_gridville, kennysheep_slug_shrine, minmay_misc_feat_iff,
          uniq_ijyb
D:5:      layout_basic, mainiacjoe_overflow_concentric_impassable,
          uniq_blork_the_orc
D:6:      layout_loops_corners, mainiacjoe_overflow_brackets, bloody_trog,
          lemuel_coloured_pillars_altar, minmay_temple_entry_wispy,
          minmay_between
D:7:      layout_cave_pools, mainiacjoe_overflow_six_doors_small,
          mainiacjoe_overflow_paths, ldierk_geyser, uniq_menkaure,
          uniq_crazy_yiuf_cottage
D:8:      layout_gridville, mainiacjoe_overflow_boulevard,
          amcnicky_altar_gilded, grunt_lair_entry_orc_guard_hut
D:9:      layout_irregular_city, mainiacjoe_overflow_alcove_1,
          worldfamousw_hep_ancestral_shrine, erik_orc_2
D:10:     layout_irregular_city, nicolae_qazlal_general_emergency,
          grunt_ministairs_4, uniq_amaemon
D:11:     layout_rooms, gauntlet_entry_generic, kennysheep_small_square
D:12:     layout_cave_pods, minmay_misc_feat_hallway
D:13:     layout_cave_pods, hangedman_vaults_entry_quadrant_bands,
          lightli_fourway_metalbox
D:14:     layout_small_grid, serial_shops, shop_statue, hex_tiny,
          nicolae_ru_sacrificial_ziggurat
D:15:     gammafunk_depths_entry_grave, layout_loops_ring,
          chequers_serial_rivers_micro_d, serial_park_tiny_pond,
          kennysheep_vampire_church
Lair:1:   layout_chaotic_city, beast_lair_carwin_6, grunt_megastairs_2,
          serial_bayou_shore_a, infiniplex_staircase_pool, uniq_harold
Lair:2:   layout_misc_corridors, swamp_mist_pool, gammafunk_ghost_arena,
          grunt_megastairs_4, infiniplex_staircase_pool_2
Lair:3:   layout_gridlike, dummy_snake_entry, chequers_serial_rivers_room_a,
          uniq_gastronok, uniq_fannar, uniq_nergalle, uniq_nessos
Lair:4:   layout_cave_pods, nzn_sisyphean_effort
Lair:5:   minmay_lair_end_enchanted_forest, layout_loops_ring, slime_entry_1
Swamp:1:  layout_basic_swamp, evilmike_swamp_ruin_house_3, swamp_pool1,
          nicolae_swamp_dense_foliage
Swamp:2:  nzn_winding_woodlands_medium [nzn_winding_woodlands_5x5_closed_star,
          nzn_winding_woodlands_5x15_jagged,
          nzn_winding_woodlands_5x5_open_star,
          nzn_winding_woodlands_5x5_checkerboard,
          nzn_winding_woodlands_center_diamonds,
          nzn_winding_woodlands_5x5_default,
          nzn_winding_woodlands_5x5_perimeter, nzn_winding_woodlands_5x15_cabin,
          nzn_winding_woodlands_hourglass], layout_basic_swamp,
          serial_swamp_ruin, hangedman_swamp_ruin_hall,
          evilmike_swamp_ruin_rubble_1, evilmike_swamp_ruin_house_6
Swamp:3:  layout_basic_swamp, evilmike_swamp_ruin_house_2, swamp_pool4,
          hangedman_swamp_pad, uniq_mlioglotl
Swamp:4:  swamp_vile, layout_basic_swamp, uniq_donald
Snake:1:  layout_grid_maze, basic_altar, nicolae_snake_springs
Snake:2:  layout_grid_maze
Snake:3:  layout_cave_town, drop_trap
Snake:4:  snake_pit_salamanders_mu, layout_basic, nicolae_snake_storage_room,
          uniq_kirke, uniq_aizul, uniq_roxanne, uniq_nikola
Slime:1:  nicolae_slime_pool, layout_caves
Slime:2:  layout_caves, nicolae_slime_barrier
Slime:3:  layout_caves
Slime:4:  nicolae_slime_jelly_donut, layout_caves
Slime:5:  uniq_dissolution
Orc:1:    layout_caves
Orc:2:    st_orc_pillars, layout_caves, serial_shops, nicolae_shop_stone,
          nicolae_shop_clearance
Elf:1:    eino_elf_arrival_altar, layout_geoelf_octagon,
          portal_desolation_entry_nicolae_forbidding_blocks,
          minmay_elf_demonology
Elf:2:    elven_hall_of_blades_hangedman_original [nicolae_blade_little_rooms],
          layout_rooms, ebering_ghost_reflecting_pool, lemuel_elevator,
          uniq_azrael
Elf:3:    minmay_elf_hall_not_hex, layout_loops_ring, serial_shops,
          nicolae_shop_crystal, minmay_misc_feat_alley,
          nicolae_elf_elemental_lessons
Vaults:1: hangedman_vaults_trim, hangedman_vaults_pinch, nicolae_vaults_arrows,
          ontoclasm_vaults_loading_screen, vaults_mumra_chevron,
          hangedman_vaults_nodes, v_misc_27, hangedman_vaults_corner,
          vaults_room_semicircle, v_misc_19, ontoclasm_vaults_ring_square,
          vaults_room_hallway, layout_vaults_maze
Vaults:2: v_alt_pattern_5, hangedman_vaults_capsules, v_misc_30, v_pattern_1,
          nicolae_vaults_three_branches, hangedman_vaults_hat,
          nicolae_vaults_little_squares_4, st_squares,
          nicolae_vaults_specimen_jars, nicolae_vaults_little_squares_1,
          layout_vaults_big_cross, serial_shops, shop
Vaults:3: minmay_crypt_entry_necro_gods, grunt_vaults_bifocal,
          vaults_room_semicircle, dpeg_vaults_waves,
          nicolae_vaults_little_squares_2, v_alt_pattern_6,
          ontoclasm_vaults_ring_large, ontoclasm_vaults_chip,
          hangedman_vaults_slice, nicolae_vaults_stairing_the_circle,
          grunt_vaults_funnel, hangedman_vaults_impose,
          hangedman_vaults_river_flow, vaults_dpeg_hooks, layout_vaults_omnibox
Vaults:4: nicolae_vaults_little_squares_5, nicolae_vaults_little_squares_4,
          grunt_vaults_trifunnel, dpeg_vaults_monster_row,
          nicolae_vaults_ring_of_whatevers, ontoclasm_vaults_eye,
          vaults_standard_mumra_x, ontoclasm_vaults_chip, v_alt_pattern_1,
          vaults_dpeg_cross, vaults_dpeg_ring, layout_vaults_ring, serial_shops,
          shop, uniq_mennas
Vaults:5: uniq_jory, uniq_sojobo
Crypt:1:  layout_misc_corridors, gammafunk_ghost_cemetery, grunt_ministairs_15
Crypt:2:  layout_misc_corridors, basic_altar, uniq_xtahua
Crypt:3:  lightli_unholy_cathedral, layout_chaotic_city,
          tomb_entry_forgotten_bobbens
Depths:1: layout_cave_pools, grunt_hell_entry_demonic_statue,
          muffindrake_ghost_three_little_ghosts, chequers_serial_rivers_small_b,
          abyss_entry_flame_altar, nicolae_concentric_dashed_squares_mild,
          nemelex_spade_bored_becter, uniq_mara
Depths:2: wad_courtyard, layout_basic, grunt_gozag_breadcrumbs,
          pf_hell_entry_tar_spiral, serial_shops, shop_fountains,
          rand_demon_pan_entry_5, uniq_grunn, uniq_bai_suzhen
Depths:3: minmay_big_diamond_grid, layout_basic, enter_ziggurat_f, hell_entry,
          abyss_entry, minmay_staircase_bubble
Depths:4: evilmike_zot_entry_gauntlet, layout_cave_pools, hangedman_geh_valley,
          chequers_jeans
Hell
Zot:1:    grunt_zot_stairs_faceoff, layout_gridlike, grunt_megastairs_5,
          uniq_tiamat
Zot:2:    layout_misc_corridors
Zot:3:    layout_misc_corridors, bh_zot_lava_cross, nzn_random_ring
Zot:4:    layout_cathedral_of_symmetry
Zot:5:    layout_basic

Skill      XL: |  1  2  3  4  5  6  7  8  9 10 11 12 13 14 15 16 17 18 19 20 21 22 23 24 25 26 27 |
---------------+----------------------------------------------------------------------------------+-----
Conjurations   | 2 3 4 5 7 8 9 10 11 12 13 14 15 16 17 18 19 | 19.0
Spellcasting   | 3 4 5 6 7 8 9 10 11 12 13 14 15 16 17 18 20 | 20.0
Shields        | 1 2 3 5 6 7 9 10 11 12 13 14 15 | 15.0
Air Magic      | 4 5 6 7 8 9 10 11 12 13 14 15 16 17 18 19 21 22 23 24 27 | 27.0
Evocations     | 1 3 5 7 8 10 11 12 13 14 15 16 | 16.0
Transmutations | 3 5 6 7 8 9 10 | 10.0
Dodging        | 2 4 6 7 8 9 10 11 12 13 14 15 | 15.0
Fighting       | 2 5 7 8 9 10 11 12 13 14 15 | 15.0
Staves         | 1 3 5 7 8 9 10 11 12 | 12.0
Hexes          | 1 3 5 |  5.0
Ice Magic      | 3 6 8 10 11 14 | 14.8
Translocations | 4 5 8 10 | 10.0
Necromancy     | 5 10 | 10.0
Polearms       | 3 |  3.9
Stealth        | |  1.7

Action                     |  1- 3 |  4- 6 |  7- 9 | 10-12 | 13-15 | 16-18 | 19-21 | 22-24 | 25-27 || total
---------------------------+-------+-------+-------+-------+-------+-------+-------+-------+-------++-------
  Melee: Dagger            |    78 |       |       |       |       |       |       |       |       ||    78
         Tailslap          |     9 |     7 |     5 |    14 |    71 |    86 |   242 |   336 |   161 ||   931
         Short sword       |     1 |    77 |    40 |   121 |   245 |       |       |       |       ||   484
         Staff             |       |       |       |       |   123 |   476 |  1039 |  1251 |   608 ||  3497
         Trishula          |       |       |       |       |       |       |       |     6 |    71 ||    77
  Throw: Dart              |       |     4 |       |       |       |       |       |     1 |       ||     5
   Cast: Shock             |    86 |    95 |   172 |   161 |     7 |     6 |       |       |       ||   527
         Static Discharge  |       |    18 |    36 |    98 |   305 |   110 |    17 |       |       ||   584
         Airstrike         |       |       |    21 |   106 |   181 |   316 |   154 |    61 |    44 ||   883
         Irradiate         |       |       |       |     3 |     3 |    24 |    23 |    30 |    13 ||    96
         Mephitic Cloud    |       |       |       |     1 |       |       |       |       |       ||     1
         Freezing Cloud    |       |       |       |    12 |    96 |    93 |   106 |    29 |    14 ||   350
         Orb of Destructio |       |       |       |       |       |    35 |    18 |     1 |    12 ||    66
         Yara's Violent Un |       |       |       |       |       |     9 |     3 |     1 |       ||    13
         Maxwell's Capacit |       |       |       |       |       |       |    77 |   222 |   198 ||   497
         Conjure Ball Ligh |       |       |       |       |       |       |     2 |     5 |       ||     7
         Chain Lightning   |       |       |       |       |       |       |       |    10 |   134 ||   144
         Blink             |       |       |       |       |       |       |       |     1 |     8 ||     9
         Sublimation of Bl |       |       |       |       |       |       |       |       |    43 ||    43
         Passage of Golubr |       |       |       |       |       |       |       |       |     9 ||     9
Ability: Breathe Steam     |       |       |    18 |    29 |    24 |     8 |       |       |       ||    79
  Evoke: Wand              |       |     6 |       |     1 |       |       |     1 |     3 |     1 ||    12
         Phantom mirror    |       |       |       |       |       |       |     1 |       |       ||     1
         Tin of tremorston |       |       |       |       |       |       |       |       |     2 ||     2
    Use: Potion            |       |     1 |       |       |       |     2 |     1 |     4 |     7 ||    15
         Scroll            |       |       |    10 |     4 |    15 |     5 |     5 |     8 |    16 ||    63
   Stab: Sleeping          |     2 |       |     2 |       |       |       |     1 |     4 |       ||     9
         Distracted        |       |       |       |       |       |       |     1 |     1 |       ||     2
 Armour: Skin              |    45 |    43 |    20 |    62 |   319 |   257 |   330 |   492 |   271 ||  1839
  Dodge: Dodged            |    94 |    33 |    43 |    94 |   452 |   383 |   657 |  1013 |   668 ||  3437
  Block: Buckler           |       |    14 |    24 |    49 |   210 |   267 |   369 |   648 |   355 ||  1936

Table legend: (Time is in decaauts)
 A = Elapsed time spent in this place.
 B = Non-inter-level travel time spent in this place.
 C = Inter-level travel time spent in this place.
 D = Time resting spent in this place.
 E = Time spent auto-exploring this place.
 F = Levels seen in this place.
 G = Mean time per level.
                   A        B        C        D        E       F      G
               +--------+--------+--------+--------+--------+-----+--------+
         Total |  75304 |  63516 |  11788 |  14198 |  28532 |  58 | 1298.3 |
       Dungeon |  20313 |  14932 |   5381 |   3461 |   8119 |  15 | 1354.2 |
          Lair |   8478 |   7098 |   1380 |   2652 |   2737 |   5 | 1695.6 |
         Swamp |   5761 |   5612 |    149 |   2545 |   1702 |   4 | 1440.2 |
     Snake Pit |   5328 |   5020 |    308 |    629 |   2736 |   4 | 1332.0 |
    Slime Pits |   2039 |   1800 |    239 |    306 |    279 |   5 |  407.8 |
  Orcish Mines |   1595 |   1393 |    202 |    216 |    681 |   2 |  797.5 |
   Elven Halls |   4527 |   4052 |    475 |    606 |   1908 |   3 | 1509.0 |
        Vaults |   7419 |   6661 |    758 |    754 |   3531 |   5 | 1483.8 |
         Crypt |   3586 |   3206 |    380 |    478 |   1571 |   3 | 1195.3 |
        Depths |   7778 |   6087 |   1691 |   1987 |   2414 |   4 | 1944.5 |
          Hell |    704 |    687 |     17 |    126 |    313 |   1 |  704.0 |
           Zot |   5923 |   5119 |    804 |    381 |   2337 |   5 | 1184.6 |
    Desolation |   1492 |   1492 |      0 |     23 |    202 |   1 | 1492.0 |
      Gauntlet |    356 |    356 |      0 |     34 |      0 |   1 |  356.0 |
               +--------+--------+--------+--------+--------+-----+--------+

Top non-repeatable levels by time:
     D:8: 2383 daAuts
Depths:2: 2342 daAuts
 Swamp:2: 2273 daAuts
  Lair:5: 2241 daAuts
     D:9: 2223 daAuts
Depths:1: 2191 daAuts
  Lair:1: 2036 daAuts
 Snake:4: 1999 daAuts
    D:13: 1956 daAuts
   Zot:5: 1838 daAuts
Vaults:3: 1830 daAuts
   Elf:2: 1711 daAuts
  Lair:4: 1662 daAuts
Depths:3: 1642 daAuts
   Elf:3: 1604 daAuts
